 Dungeon Crawl Stone Soup version 0.22.1-1-ga44c0e56f4 (webtiles) character file.

28776 Riddle the Prestidigitator (level 12, -5/97 HPs)
             Began as a Demigod Earth Elementalist on Oct 22, 2018.
             Slain by a death yak (25 damage)
             ... on level 4 of the Lair of Beasts.
             The game lasted 00:53:53 (17583 turns).

Riddle the Prestidigitator (DgEE)                  Turns: 17583, Time: 00:53:53

Health: -5/97      AC: 23    Str: 11    XL:     12   Next: 78%
Magic:  2/24       EV: 15    Int: 35    God:
Gold:   1093       SH:  0    Dex: 16    Spells: 6/19 levels left

rFire    . . .     SeeInvis .   I - +5 flail of Wyrd {crush, +Inv rPois}
rCold    . . .     Gourm    .   (no shield)
rNeg     . . .     Faith    .   J - +0 troll leather armour
rPois    +         Spirit   .   X - +0 helmet
rElec    .         Reflect  .   c - +2 cloak of Gozag's Displeasure {rPois Int+8}
rCorr    +         Harm     .   O - +0 pair of gloves
MR       +....                  W - +2 pair of boots
Stlth    ++........             k - amulet of regeneration
HPRegen  1.06/turn              e - +3 ring of protection
MPRegen  0.19/turn              y - ring of resist corrosion

@: icy armour
A: high mp 1
a: Evoke Invisibility


You were on level 4 of the Lair of Beasts.
You were not hungry.

You visited 2 branches of the dungeon, and saw 15 of its levels.

You collected 1108 gold pieces.
You spent 15 gold pieces at shops.

Inventory:

Hand Weapons
 D - the +8 dagger of Doshrec {drain, SInv}
   (You found it on level 9 of the Dungeon)

   A truly terrible weapon, it drains the life of those it strikes.
   It lets you see invisible.
 I - the +5 flail of Wyrd (weapon) {crush, +Inv rPois}
   (You took it off an orc on level 10 of the Dungeon)

   It inflicts extra damage upon your enemies.
   It protects you from poison.
   It lets you turn invisible.
 L - the +5 eveningstar of Ruination {crush, rPois rC- rN+}
   (You found it on level 1 of the Lair of Beasts)

   It inflicts extra damage upon your enemies.
   It makes you vulnerable to cold.
   It protects you from poison.
   It protects you from negative energy.
 T - a +0 triple sword
 U - a +3 scimitar of flaming
Missiles
 b - 104 stones (quivered)
Armour
 c - the +2 cloak of Gozag's Displeasure (worn) {rPois Int+8}
   (You found it on level 6 of the Dungeon)

   It affects your intelligence (+8).
   It protects you from poison.
 i - a scarf of spirit shield
 J - a +0 troll leather armour (worn)
 O - a +0 pair of gloves (worn)
 W - a +2 pair of boots (worn)
 X - a +0 helmet (worn)
Jewellery
 e - a +3 ring of protection (left hand)
 k - an amulet of regeneration (around neck)
 y - a ring of resist corrosion (right hand)
Wands
 A - a wand of disintegration (6)
 F - a wand of enslavement (20)
 H - a wand of random effects (28)
 P - a wand of iceblast (9)
 V - a wand of digging (10)
 Y - a wand of clouds (6)
Scrolls
 a - 8 scrolls of identify
 g - 3 scrolls of blinking
 h - 3 scrolls of fear {unknown}
 j - 5 scrolls of teleportation {unknown}
 n - 4 scrolls of enchant armour {unknown}
 p - 7 scrolls of random uselessness
 q - 9 scrolls of remove curse
 r - 4 scrolls of fog {unknown}
 u - 2 scrolls of vulnerability {unknown}
 x - 3 scrolls of noise {unknown}
 z - 2 scrolls of amnesia {unknown}
 C - 5 scrolls of immolation {unknown}
Potions
 f - 2 potions of lignification {unknown}
 l - 4 potions of agility {unknown}
 m - 3 potions of flight {unknown}
 o - 3 potions of degeneration {unknown}
 t - 10 potions of heal wounds {unknown}
 v - 7 potions of curing
 w - 2 potions of haste {unknown}
 B - a potion of might {unknown}
 G - 3 potions of magic {unknown}
 K - a potion of invisibility {unknown}
 M - 2 potions of cancellation {unknown}
 N - 2 potions of mutation {unknown}
 Q - a potion of berserk rage {unknown}
 R - 2 potions of brilliance {unknown}
 S - a potion of resistance {unknown}
Miscellaneous
 E - a phantom mirror
Comestibles
 d - 35 rations
 s - 6 chunks of flesh


   Skills:
 - Level 6.4 Fighting
 - Level 3.5 Short Blades
 - Level 6.1 Maces & Flails
 - Level 5.3 Dodging
 - Level 1.8 Stealth
 - Level 4.4 Spellcasting
 - Level 5.9 Conjurations
 - Level 5.9 Charms
 - Level 5.0 Transmutations
 - Level 5.8 Ice Magic
 - Level 6.2 Earth Magic
 + Level 11.0 Evocations


You had 6 spell levels left.
You knew the following spells:

 Your Spells              Type           Power        Failure   Level  Hunger
a - Sandblast             Erth           ######       1%          1    None
b - Passwall              Tmut/Erth      #####...     1%          2    None
c - Stone Arrow           Conj/Erth      ######       1%          3    None
d - Ozocubu's Armour      Chrm/Ice       #####...     1%          3    None
e - Petrify               Tmut/Erth      #####...     6%          4    ###....

Your spell library contained the following spells:

 Spells                   Type           Power        Failure   Level  Hunger
 Beastly Appendage        Tmut           #####.       1%          1    None
 Flame Tongue             Conj/Fire      ####.        1%          1    None
 Freeze                   Ice            ####         1%          1    None
 Magic Dart               Conj           ####         1%          1    None
 Sticks to Snakes         Tmut           #####...     1%          2    None
 Throw Frost              Conj/Ice       #####.       1%          2    None
 Throw Flame              Conj/Fire      ####..       2%          2    None
 Throw Icicle             Conj/Ice       #####...     4%          4    ###....
 Conjure Flame            Conj/Fire      ####....     5%          3    None
 Summon Small Mammal      Summ           #...         6%          1    None
 Spider Form              Tmut/Pois      ####......   6%          3    None
 Ice Form                 Ice/Tmut       #####...     6%          4    ###....
 Mephitic Cloud           Conj/Pois/Air  ###.....     8%          3    None
 Blink                    Tloc           N/A          9%          2    None
 Call Imp                 Summ           #.......     9%          2    None
 Slow                     Hex            #.......     9%          2    None
 Lee's Rapid Deconstruct  Erth           ######....   12%         5    #####..
 Call Canine Familiar     Summ           #.......     17%         3    None
 Inner Flame              Hex/Fire       #.......     17%         3    None
 Summon Guardian Golem    Hex/Summ       #.......     17%         3    None
 Sticky Flame             Conj/Fire      ####....     17%         4    ###....
 Summon Ice Beast         Ice/Summ       ####....     17%         4    ###....
 Blade Hands              Tmut           #####.....   21%         5    #####..
 Fireball                 Conj/Fire      ####......   43%         5    #####..
 Summon Lightning Spire   Summ/Air       #.......     50%         4    ###....


Dungeon Overview and Level Annotations

Branches:
Dungeon (11/15)            Temple (0/1) D:5            Lair (4/6) D:11
    Orc (0/2) D:11
  Swamp: Lair:2-4    Shoals: Lair:2-4     Snake: Lair:2-4    Spider: Lair:2-4

Shops:
D:4 (::   D:8 ?


Innate Abilities, Weirdness & Mutations

You have an increased reservoir of magic. (+10% MP)


Message History

The death yak gores you!!
* * * LOW HITPOINT WARNING * * *
You sock the death yak!
The death yak is almost dead.
The death yak gores you.
* * * LOW HITPOINT WARNING * * *
You hit the death yak but do no damage.
The death yak is almost dead.
The death yak barely misses you.
You hit the death yak but do no damage.
The death yak is almost dead.
The death yak gores you!
* * * LOW HITPOINT WARNING * * *
You hit the death yak.
The death yak is almost dead.
The death yak misses you.
You hit the death yak but do no damage.
The death yak is almost dead.
The death yak gores you!!
You die...

...........#.#
.P###...#...## .
##.[.##.##
##....#..# .#.....#
#....###.# .........
#.....##.#
........###...Y....#
..#....##....Y#.#.#
#.....###...#@## .#
#P......#..#### ##
..#......#.Y.P##.P.#
...Y.Y...$...>.....P
.............†.....P
.......?...........#
..........#.###....#
##P.##...#.## ....#
##. #...### ....#


You could see 2 death yaks.

Vanquished Creatures
  Josephine (D:10)
  Harold (D:7)
  Erolcha (D:9)
  6 hydras
  Erica (Lair:2)
  Urug (D:10)
  An unseen horror (D:11)
  An ugly thing (D:11)
  An oklob plant (D:6)
  3 black mambas
  Maurice (D:10)
  11 spiny frogs
  A rime drake (Lair:3)
  4 komodo dragons
  A troll (D:10)
  2 polar bears
  2 hornets (Lair:3)
  Grinder (D:4)
  5 hippogriffs
  2 dream sheep (D:11)
  11 yaks
  5 wraiths (D:10)
  2 wyverns
  3 basilisks (Lair:2)
  A hungry ghost (D:6)
  9 water moccasins
  Duvessa (D:4)
  5 porcupines
  An ice beast (D:7)
  9 orc warriors
  2 sky beasts
  3 ogres
  An eye of draining (D:9)
  8 wolves (Lair:2)
  A hornet zombie (D:8)
  2 centaurs
  8 crocodiles
  11 bullfrogs
  4 big kobolds (D:11)
  A wyvern zombie (D:9)
  Dowan (D:4)
  2 scorpions
  6 killer bees (D:8)
  A water moccasin skeleton (D:8)
  4 wights (D:11)
  4 electric eels
  A centaur zombie (D:5)
  5 crimson imps
  5 hounds
  2 jellies
  3 centaur skeletons
  9 orc priests
  13 orc wizards
  4 bullfrog skeletons
  3 iguanas
  13 worker ants
  A statue (D:6)
  A killer bee zombie (D:6)
  3 hound skeletons
  29 adders
  3 gnolls (D:8)
  4 shadow imps
  An ooze (D:3)
  An adder zombie (D:9)
  A worm (D:3)
  2 dart slugs
  4 leopard geckos
  66 orcs
  6 giant cockroaches
  6 goblins
  8 hobgoblins
  5 jackals
  7 kobolds
  7 quokkas
  3 ball pythons
  6 bats
  6 frilled lizards
  A leopard gecko skeleton (D:4)
  8 rats
  2 plants (Lair:3)
392 creatures vanquished.

Vanquished Creatures (others)
  A quokka (D:9)
  8 fungi (Lair:3)
  14 plants
23 creatures vanquished.

Grand Total: 415 creatures vanquished

Notes
Turn   | Place    | Note
-------+----------+-------------------------------------------
     0 | D:1      | Riddle the Demigod Earth Elementalist began the quest for
                  | the Orb.
     0 | D:1      | Reached XP level 1. HP: 14/14 MP: 5/5
   470 | D:1      | Reached XP level 2. HP: 18/20 MP: 5/7
  1485 | D:2      | Reached XP level 3. HP: 26/26 MP: 9/9
  1558 | D:2      | Found a burning altar of Makhleb.
  2017 | D:3      | Learned a level 2 spell: Passwall
  2021 | D:3      | Learned a level 3 spell: Stone Arrow
  2172 | D:3      | Reached XP level 4. HP: 33/33 MP: 7/11
  2907 | D:4      | Found Maisa's Book Shoppe.
  2958 | D:4      | Noticed Grinder
  2973 | D:3      | Reached XP level 5. HP: 32/38 MP: 10/13
  3018 | D:4      | Noticed Duvessa
  3018 | D:4      | Noticed Dowan
  3020 | D:4      | Killed Duvessa
  3097 | D:4      | Killed Dowan
  3097 | D:4      | Reached XP level 6. HP: 42/45 MP: 1/15
  3246 | D:4      | Reached skill level 5 in Earth Magic
  3553 | D:4      | Learned a level 3 spell: Ozocubu's Armour
  3675 | D:4      | Found a bloodstained altar of Trog.
  3680 | D:4      | Found Siata's Book Shoppe.
  3843 | D:4      | Found Cani's Weapon Boutique.
  3864 | D:4      | Reached skill level 1 in Ice Magic
  3866 | D:4      | Reached skill level 1 in Charms
  3909 | D:4      | Reached skill level 1 in Conjurations
  3925 | D:4      | Bought 14 stones for 15 gold pieces
  4050 | D:4      | Found a shattered altar of Ashenzari.
  4067 | D:4      | Killed Grinder
  4067 | D:4      | Reached XP level 7. HP: 44/50 MP: 2/16
  4179 | D:4      | Found a stormy altar of Qazlal.
  4347 | D:5      | Entered Level 5 of the Dungeon
  4907 | D:5      | Found a staircase to the Ecumenical Temple.
  5103 | D:6      | Found an ancient bone altar of Kikubaaqudgha.
  5103 | D:6      | Noticed an oklob plant
  5156 | D:6      | Got a brightly glowing cloak
  5173 | D:6      | Identified the +2 cloak of Gozag's Displeasure {rPois
                  | Int+8} (You found it on level 6 of the Dungeon)
  5241 | D:6      | Found a burning altar of Makhleb.
  5278 | D:6      | Noticed a hungry ghost
  5283 | D:6      | Killed a hungry ghost
  5346 | D:6      | Reached XP level 8. HP: 57/57 MP: 11/18
  5935 | D:6      | Found a radiant altar of Vehumet.
  6071 | D:6      | Killed an oklob plant
  6494 | D:7      | Found a deep blue altar of Sif Muna.
  6533 | D:7      | Noticed Harold
  6680 | D:7      | Killed Harold
  6680 | D:7      | Reached skill level 5 in Conjurations
  6680 | D:7      | Reached skill level 5 in Charms
  6680 | D:7      | Reached skill level 5 in Ice Magic
  6680 | D:7      | Reached XP level 9. HP: 25/62 MP: 9/19
  7180 | D:8      | Reached skill level 1 in Transmutations
  7564 | D:8      | Found a sparkling altar of Nemelex Xobeh.
  7755 | D:8      | Found an ornate altar of the Wu Jian Council.
  7797 | D:8      | Found Vennamn's Magic Scroll Shop.
  8100 | D:8      | Found an opulent altar of Gozag.
  8425 | D:9      | Noticed Erolcha
  8602 | D:9      | Got a translucent dagger
  8603 | D:9      | Identified the +8 dagger of Doshrec {drain, SInv} (You
                  | found it on level 9 of the Dungeon)
  8707 | D:9      | Learned a level 4 spell: Petrify
  9062 | D:9      | Reached skill level 1 in Fighting
  9062 | D:9      | Reached skill level 1 in Short Blades
  9676 | D:9      | Killed Erolcha
  9676 | D:9      | Reached XP level 10. HP: 74/74 MP: 16/20
  9875 | D:10     | Entered Level 10 of the Dungeon
  9880 | D:10     | Noticed Urug
  9905 | D:10     | Killed Urug
  9905 | D:10     | Reached skill level 5 in Dodging
 10064 | D:10     | Noticed Maurice
 10088 | D:10     | Killed Maurice
 10093 | D:10     | Got an encrusted flail {crush}
 10094 | D:10     | Identified the +5 flail of Wyrd {crush, +Inv rPois} (You
                  | took it off an orc on level 10 of the Dungeon)
 10153 | D:10     | Reached skill level 1 in Evocations
 10503 | D:10     | Reached skill level 1 in Maces & Flails
 10503 | D:10     | Reached skill level 2 in Evocations
 10747 | D:10     | Reached skill level 3 in Evocations
 10923 | D:10     | Noticed Josephine
 11190 | D:10     | Killed Josephine
 11488 | D:11     | Reached XP level 11. HP: 82/82 MP: 21/21
 11657 | D:11     | Reached skill level 4 in Evocations
 11742 | D:11     | Noticed an eight-headed hydra
 12026 | D:11     | Killed an eight-headed hydra
 12026 | D:11     | Reached skill level 5 in Transmutations
 12158 | D:11     | Noticed an unseen horror
 12167 | D:11     | Killed an unseen horror
 12265 | D:11     | Reached skill level 5 in Evocations
 12428 | D:11     | Found a staircase to the Orcish Mines.
 12988 | D:11     | Found a staircase to the Lair.
 13323 | D:11     | Noticed a three-headed hydra
 13339 | D:11     | Killed a three-headed hydra
 13350 | D:11     | Reached skill level 6 in Evocations
 13360 | D:11     | Reached skill level 5 in Fighting
 13579 | Lair:1   | Entered Level 1 of the Lair of Beasts
 13621 | Lair:1   | Got an ancient eveningstar
 13635 | D:11     | Identified the +5 eveningstar of Ruination {crush, rPois
                  | rC- rN+} (You found it on level 1 of the Lair of Beasts)
 13758 | Lair:1   | Reached skill level 5 in Maces & Flails
 14617 | Lair:2   | Noticed a four-headed hydra
 14652 | Lair:2   | Killed a four-headed hydra
 14775 | Lair:2   | Noticed a four-headed hydra
 14821 | Lair:2   | Killed a four-headed hydra
 14821 | Lair:2   | Reached XP level 12. HP: 24/97 MP: 0/22
 15149 | Lair:2   | Reached skill level 7 in Evocations
 15300 | Lair:2   | Noticed Erica
 15317 | Lair:2   | Killed Erica
 15317 | Lair:2   | Reached skill level 8 in Evocations
 15547 | Lair:2   | Noticed a four-headed hydra
 15556 | Lair:2   | Killed a one-headed hydra
 15556 | Lair:2   | Reached skill level 9 in Evocations
 15597 | Lair:2   | Got a translucent mace
 15602 | Lair:2   | Identified the cursed +0 mace of the Mind {crush, Int+5}
                  | (You found it on level 2 of the Lair of Beasts)
 16245 | Lair:3   | Noticed a six-headed hydra
 16257 | Lair:3   | Killed a one-headed hydra
 16271 | Lair:3   | Reached skill level 10 in Evocations
 17505 | Lair:4   | Reached skill level 11 in Evocations
 17583 | Lair:4   | Slain by a death yak

Skill      XL: |  1  2  3  4  5  6  7  8  9 10 11 12 |
---------------+-------------------------------------+-----
Earth Magic    | 3 4 5 6 |  6.2
Spellcasting   | 2 3 4 |  4.4
Ice Magic      | 2 3 5 |  5.8
Charms         | 2 3 5 |  5.9
Conjurations   | 2 3 5 |  5.9
Transmutations | 3 4 5 |  5.0
Dodging        | 4 5 |  5.3
Fighting       | 2 3 6 |  6.4
Short Blades   | 2 3 |  3.5
Evocations     | 3 6 11 | 11.0
Maces & Flails | 3 6 |  6.1
Stealth        | |  1.8

Action                   |  1- 3 |  4- 6 |  7- 9 | 10-12 || total
-------------------------+-------+-------+-------+-------++-------
Melee: Dagger            |   160 |   146 |   373 |   249 ||   928
       Unarmed           |     2 |       |       |       ||     2
       Flail             |       |       |       |   507 ||   507
       Scimitar          |       |       |       |    16 ||    16
 Cast: Sandblast         |    18 |       |    28 |   149 ||   195
       Stone Arrow       |     5 |    24 |    37 |    51 ||   117
       Petrify           |       |       |     9 |    29 ||    38
       Passwall          |       |       |     2 |     3 ||     5
       Ozocubu's Armour  |       |       |     1 |    15 ||    16
 Abil: Evoke Invisibilit |       |       |       |     2 ||     2
  Use: Scroll            |       |       |     2 |     8 ||    10
       Potion            |       |       |       |     1 ||     1
 Stab: Sleeping          |     3 |     5 |     4 |     6 ||    18
       Distracted        |     1 |       |       |     1 ||     2
       Petrified         |       |       |    15 |    72 ||    87
  Eat: Chunk             |     5 |     7 |    18 |    29 ||    59
       Ration            |       |       |     1 |       ||     1
Armor: Robe              |    62 |     8 |    95 |    21 ||   186
       Leather armour    |       |    34 |    27 |       ||    61
       Troll leather arm |       |       |       |   257 ||   257
Dodge: Dodged            |   137 |    72 |   228 |   628 ||  1065
       Rpst.: Scimitar   |       |       |       |     1 ||     1
